 Dungeon Crawl Stone Soup version 0.31.0-32-g396128a36d (webtiles) character file.

Game seed: 3671141037933589265

344 Kaboulah the Covered (level 6, -1/51 HPs)
             Began as a Barachi Fighter on Mar 17, 2024.
             Succumbed to a gnoll's poison
             ... on level 3 of the Dungeon.
             The game lasted 00:13:40 (2945 turns).

Kaboulah the Covered (Barachi Fighter)              Turns: 2945, Time: 00:13:40

Health: -1/51      AC:  9    Str: 19    XL:     6   Next: 58%
Magic:  6/6        EV: 10    Int: 11    God:
Gold:   154        SH:  6    Dex: 18    Spells: 5/5 levels left

rFire   . . .        a - +0 long sword
rCold   . . .        c - +0 buckler
rNeg    . . .        b - +0 scale mail
rPois   .            r - +1 helmet {Int+3}
rElec   .            (no cloak)
rCorr   .            (no gloves)
SInv    .            (no boots)
Will    .....        (no amulet) Stlth
                     j - +6 ring of dexterity
HPRegen 0.28/turn    (no ring)
MPRegen 0.10/turn

%: no passive effects
@: lethally poisoned (-1 -> -22), unable to hop, slow
A: amphibious, slowness 1, strong legs 1, +LOS
a: Hop


You were on level 3 of the Dungeon.
You visited 1 branch of the dungeon, and saw 3 of its levels.
You also visited: Sewer.

You collected 154 gold pieces.

Inventory:

Hand Weapons
 a - a +0 long sword (weapon)
Armour
 b - a +0 scale mail (worn)
 c - a +0 buckler (worn)
 r - a +1 helmet of intelligence (worn)
Jewellery
 j - a +6 ring of dexterity (left hand)
Talismans
 k - a beast talisman
Wands
 p - a wand of flame (4)
Scrolls
 e - a scroll of noise {unknown}
 h - 2 scrolls of revelation {unknown}
 m - 2 scrolls of identify {unknown}
 n - a scroll of amnesia {unknown}
 o - a scroll of blinking
 q - a scroll of enchant weapon {unknown}
Potions
 d - a potion of might
 f - a potion of ambrosia {unknown}
 g - a potion of cancellation {unknown}
 i - 3 potions of degeneration {unknown}
 l - a potion of lignification {unknown}


   Skills:
 + Level 5.0 Fighting
 + Level 4.2 Long Blades
 + Level 5.0 Armour
 + Level 2.7 Dodging
 + Level 4.5 Shields


You had 5 spell levels left.
You didn't know any spells.
Your spell library contained the following spells:

 Spells                   Type           Power      Damage    Failure   Level
 Lesser Beckoning         Tloc           0%         N/A       88%         2
 Gell's Gravitas          Tloc           0%         N/A       98%         3
 Hailstorm                Conj/Ice       0%         3d5       98%         3
 Summon Ice Beast         Ice/Summ       0%         N/A       98%         3
 Teleport Other           Tloc           0%         N/A       98%         3
 Manifold Assault         Tloc           0%         N/A       100%        4
 Dispersal                Tloc           0%         N/A       100%        6
 Sculpt Simulacrum        Ice/Alch       0%         N/A       100%        6
 Disjunction              Tloc           0%         N/A       100%        8


Dungeon Overview and Level Annotations

Branches:
Dungeon (3/15)              Sewer (visited)

Altars:
Makhleb
Qazlal
Ru
Trog
Uskayaw
Xom


Innate Abilities, Weirdness & Mutations

You are amphibious.
You cover ground slowly.
You can hop short distances.
You have an extended range of vision and can be seen from far away.


Message History

An orc comes into view. It is wielding a +0 club.
An orc comes into view. It is wielding a +0 hand axe.
You feel very sick.
The orc shouts! x2
You hit the orc.
The orc is almost dead.
You feel sick. The orc hits you but does no damage.
You block the gnoll's attack.
You slash the orc!
You kill the orc!
You feel sick. You block the gnoll's attack.
You feel sick.
The gnoll hits you with a +3 halberd of venom.
You are more poisoned.
There is an open door here.
Things that are here:
a +0 dagger; an orc corpse You are too injured to fight recklessly!
You are too injured to fight recklessly!
You are too injured to fight recklessly!
You hit the gnoll.
The gnoll is heavily wounded.
You feel very sick.
The gnoll hits you with a +3 halberd of venom.
You closely miss the gnoll.
The gnoll is heavily wounded.
You feel very sick. You block the gnoll's attack. x2
You closely miss the gnoll.
The gnoll is heavily wounded.
You feel sick.
The gnoll hits you with a +3 halberd of venom!
* * * LOW HITPOINT WARNING * * *
You are lethally poisoned!
Hop to where?
Press: ? - help, Q - select action, (/) - cycle Dir - move target Boing!
* * * LOW HITPOINT WARNING * * *
You feel very sick.
You die...

############
#####..........##
#.#.+..........+.
####.#.#..........##
#.##.#.#..........##
#.##>..........#####
#...........##..# #
#...[.......###.####
##..@...............'
#.................###
#.................+.†
#.................##.
#............#######.
#######g###### ##
..########)#######
...o....†oo........
.......(......#####


You could see a gnoll and an orc.

Vanquished Creatures
  A black bear (D:3)
  A bullfrog (Sewer)
  A gnoll (D:3)
  5 adders
  11 dart slugs
  2 ribbon worms
  2 orcs (D:3)
  8 ball pythons
  10 endoplasms
  13 giant cockroaches
  5 goblins
  5 hobgoblins
  7 jackals
  4 kobolds
  3 quokkas
  3 bats
  11 frilled lizards
  5 rats
97 creatures vanquished.

Notes
Turn   | Place    | Note
-------+----------+-------------------------------------------
     0 | D:1      | Kaboulah the Barachi Fighter began the quest for the Orb.
     0 | D:1      | Reached XP level 1. HP: 18/18 MP: 1/1
   102 | D:1      | Reached XP level 2. HP: 23/25 MP: 2/2
   796 | D:2      | Reached skill level 1 in Dodging
   796 | D:2      | Reached XP level 3. HP: 29/30 MP: 3/3
  1751 | D:3      | Reached XP level 4. HP: 36/37 MP: 4/4
  1751 | D:3      | Found a glowing drain.
  1761 | Sewer    | Entered a sewer
  1969 | Sewer    | Reached XP level 5. HP: 24/43 MP: 5/5
  2224 | Sewer    | Reached XP level 6. HP: 49/49 MP: 6/6
  2486 | D:3      | Found a stormy altar of Qazlal.
  2486 | D:3      | Found a bloodstained altar of Trog.
  2487 | D:3      | Found a hide-covered altar of Uskayaw.
  2487 | D:3      | Found a shimmering altar of Xom.
  2494 | D:3      | Found a burning altar of Makhleb.
  2503 | D:3      | Found a sacrificial altar of Ru.
  2658 | D:3      | Noticed a black bear
  2676 | D:3      | Killed a black bear
  2677 | D:3      | Reached skill level 5 in Fighting
  2677 | D:3      | Reached skill level 5 in Armour
  2945 | D:3      | Succumbed to a gnoll's poison

Illustrated notes

Levels and vault maps discovered:
D:1:      lemuel_arrival_broad_hall, layout_basic
D:2:      layout_basic, minmay_misc_feat_room
D:3:      layout_basic, minmay_overflow_temple_hex,
          nicolae_ecumenical_oubliette, portal_sewer_entry_d,
          gammafunk_ghost_grave, hangedman_decor_push

Skill      XL: |  1  2  3  4  5  6 |
---------------+-------------------+-----
Fighting       | 4 5 |  5.0
Dodging        | 1 2 |  2.7
Armour         | 4 5 |  5.0
Long Blades    | 3 4 |  4.2
Shields        | 4 |  4.5

Action                     |  1- 3 |  4- 6 || total
---------------------------+-------+-------++-------
  Melee: Long sword        |   114 |   180 ||   294
Ability: Hop               |     1 |     4 ||     5
 Armour: Scale mail        |    78 |   137 ||   215
  Dodge: Dodged            |    53 |   106 ||   159
  Block: Buckler           |    24 |    71 ||    95
